 Dungeon Crawl Stone Soup version 0.31-a0-112-gdf0485fa37 (webtiles) character file.

Game seed: 11121170944191182749

8501 rapeowns the Cleaver (level 11, 0/97 HPs)
             Began as a Hill Orc Fighter on May 28, 2023.
             Slain by an acid dragon (1 damage)
             ... while petrified by a basilisk
             ... on level 11 of the Dungeon.
             The game lasted 00:15:43 (7800 turns).

rapeowns the Cleaver (Hill Orc Fighter)             Turns: 7800, Time: 00:15:43

Health: 0/97       AC: 20    Str: 24    XL:     11   Next: 31%
Magic:  11/11      EV:  2    Int:  8    God:
Gold:   413        SH:  0    Dex: 10    Spells: 10/10 levels left

rFire   + . .        v - +2 war axe (pain)
rCold   . . .        w - +0 kite shield
rNeg    + + +        G - +0 plate armour
rPois   ∞            C - +0 helmet
rElec   .            x - +2 cloak {rCorr}
rCorr   +            r - +0 pair of gloves
SInv    .            (no boots)
Will    .....        c - amulet of the acrobat Stlth
                     j - ring of resist corrosion
HPRegen 0.36/turn    B - ring of protection from fire
MPRegen 0.12/turn

%: acrobat
@: petrified
A: no striking features
a: no special abilities


You were on level 11 of the Dungeon.
You visited 1 branch of the dungeon, and saw 11 of its levels.

You collected 413 gold pieces.

Inventory:

Hand Weapons
 v - a +2 war axe of pain (weapon)
Armour
 r - a +0 pair of gloves (worn)
 w - a +0 kite shield (worn)
 x - a +2 cloak of preservation (worn)
 C - a +0 helmet (worn)
 G - a +0 plate armour (worn)
Jewellery
 c - an amulet of the acrobat (around neck)
 j - a ring of resist corrosion (left hand)
 B - a ring of protection from fire (right hand)
 E - a ring of see invisible
 J - a +6 ring of intelligence
Wands
 q - a wand of charming (7)
 z - a wand of quicksilver (2)
 A - a wand of flame (13)
 H - a wand of digging (2)
 I - a wand of polymorph (5)
Scrolls
 d - 2 scrolls of summoning {unknown}
 f - 4 scrolls of identify
 g - 3 scrolls of fear {unknown}
 h - 3 scrolls of enchant weapon {unknown}
 i - a scroll of silence {unknown}
 m - a scroll of vulnerability {unknown}
 n - 3 scrolls of enchant armour {unknown}
 p - a scroll of poison {unknown}
 u - 2 scrolls of teleportation {unknown}
 y - a scroll of noise {unknown}
 F - a scroll of amnesia {unknown}
Potions
 a - a potion of haste {unknown}
 b - a potion of invisibility {unknown}
 e - 2 potions of curing
 k - a potion of lignification
 l - 2 potions of heal wounds
 o - 2 potions of cancellation {unknown}
 s - 3 potions of mutation {unknown}
 t - 2 potions of enlightenment {unknown}
 D - a potion of attraction {unknown}


   Skills:
 + Level 9.2 Fighting
 + Level 14.3 Axes
 + Level 9.1 Armour
 + Level 3.1 Dodging
 + Level 1.0 Stealth
 + Level 7.5 Shields
 + Level 3.6 Evocations


You had 10 spell levels left.
You didn't know any spells.
Your spell library contained the following spells:

 Spells                   Type           Power      Damage    Failure   Level
 Slow                     Hex            0%         N/A       100%        1
 Sublimation of Blood     Necr           0%         N/A       100%        2
 Confusing Touch          Hex            0%         N/A       100%        3
 Inner Flame              Hex/Fire       0%         N/A       100%        3
 Vampiric Draining        Necr           0%         2d6       100%        3
 Flame Wave               Conj/Fire      0%         2d4       100%        4
 Petrify                  Tmut/Erth      0%         N/A       100%        4
 Sticky Flame             Conj/Fire      0%         2d3       100%        4
 Irradiate                Conj/Tmut      0%         3d11      100%        5
 Conjure Ball Lightning   Conj/Air       0%         3x3d6     100%        6
 Discord                  Hex            0%         N/A       100%        8
 Disjunction              Tloc           0%         N/A       100%        8


Dungeon Overview and Level Annotations

Branches:
Dungeon (11/15)            Temple (0/1) D:7            Lair (0/5) D:11
    Orc (0/2) D:10

Altars:
Ashenzari
Cheibriados
Dithmenos
Fedhas
Gozag
Kikubaaqudgha
Ru
Sif Muna
Trog
Xom

Shops:
D:7 *   D:10 (

Annotations:
D:5 Grinder
D:8 1 runed translucent door, rinse's ghost, novice MfMo


Message History

You block the basilisk's attack. The polar bear bites you!
The polar bear claws you but does no damage. x2
The basilisk bites you.
You have turned to stone.
The polar bear bites you!
The polar bear claws you but does no damage. x2
The basilisk bites you. The polar bear bites you.
The polar bear claws you but does no damage. x2
The polar bear bites you. The polar bear completely misses you.
The polar bear claws you but does no damage.
The basilisk gazes at you. You resist with some effort.
A polar bear comes into view.
The polar bear growls angrily.
The polar bear bites you but does no damage.
The polar bear claws you but does no damage. x2
The basilisk bites you. The polar bear barely misses you.
The polar bear claws you but does no damage.
The polar bear barely misses you. The polar bear bites you.
The polar bear claws you but does no damage. x2
The basilisk bites you!
* * * LOW HITPOINT WARNING * * *
The polar bear bites you!
* * * LOW HITPOINT WARNING * * *
The polar bear claws you but does no damage. x2
The basilisk bites you.
* * * LOW HITPOINT WARNING * * *
The acid dragon bites you but does no damage.
The acid dragon claws you but does no damage.
The polar bear bites you!!
* * * LOW HITPOINT WARNING * * *
The polar bear claws you but does no damage.
The polar bear claws you.
* * * LOW HITPOINT WARNING * * *
The polar bear bites you!!
* * * LOW HITPOINT WARNING * * *
The polar bear claws you but does no damage. x2
The basilisk bites you. The acid dragon bites you.
You die...

........#.....+.....# .
........#.....#........
.......#.....#........
#..[..##.....#.....#+######.
#.....##.....#.....# .#
#......#.....#.....#
...###......+.....'.....#
.....~.....<#.[.D.#.....#
.....#....#####@##.....#
.#........##..lh.#.....#
..........[......+.....#
..#.#.......h.....#.....#
#................#.....#
.###.#...........#.....#
#..............#
>........#........#
...#..............#


You could see 2 polar bears, a basilisk and an acid dragon.

Vanquished Creatures
  2 two-headed ogres
  A manticore (D:11)
  Psyche (D:8)
  Maggie (D:6)
  A rime drake (D:11)
  A kobold demonologist (D:9)
  A troll (D:10)
  A hornet (D:9)
  Sigmund (D:2)
  A shadow (D:5)
  2 wraiths (D:11)
  Eustachio (D:5)
  8 yaks
  3 wyverns
  A steam dragon (D:7)
  4 acid dragons
  2 water moccasins (D:8)
  2 orc warriors (D:10)
  2 ice beasts
  An ogre (D:5)
  2 wolves (D:11)
  2 centaurs
  3 phantoms
  2 kobold brigands
  3 scorpions
  3 killer bees (D:9)
  A howler monkey (D:9)
  3 hounds
  2 jellies
  2 gnoll boudas
  3 orc priests
  A sleepcap (D:7)
  3 iguanas
  6 orc wizards
  15 gnolls
  7 adders
  2 white imps
  A dart slug (D:2)
  24 orcs
  4 endoplasms
  2 giant cockroaches (D:1)
  8 goblins
  6 hobgoblins
  A quokka (D:2)
  12 ball pythons
  3 bats
  A frilled lizard (D:3)
  13 kobolds
172 creatures vanquished.

Vanquished Creatures (collateral kills)
  A gnoll (D:9)
  3 orcs
4 creatures vanquished.

Vanquished Creatures (others)
  2 trolls (D:9)
  A hornet (D:9)
  2 orc warriors
  A centaur (D:9)
  2 kobold brigands (D:9)
  A bullfrog (D:9)
  An orc wizard (D:9)
  A dart slug (D:5)
  An orc (D:7)
12 creatures vanquished.

Grand Total: 188 creatures vanquished

Notes
Turn   | Place    | Note
-------+----------+-------------------------------------------
     0 | D:1      | rapeowns the Hill Orc Fighter began the quest for the Orb.
     0 | D:1      | Reached XP level 1. HP: 19/19 MP: 1/1
   254 | D:1      | Reached XP level 2. HP: 27/27 MP: 2/2
   386 | D:1      | Reached skill level 3 in Axes
   568 | D:2      | Reached XP level 3. HP: 33/33 MP: 3/3
   582 | D:2      | Noticed Sigmund
   589 | D:2      | Killed Sigmund
   590 | D:2      | Reached skill level 5 in Axes
   590 | D:2      | Reached XP level 4. HP: 41/41 MP: 4/4
   590 | D:2      | Reached XP level 5. HP: 47/47 MP: 5/5
   840 | D:3      | Found a shadowy altar of Dithmenos.
  1015 | D:3      | Reached XP level 6. HP: 45/53 MP: 6/6
  1192 | D:3      | Found a blossoming altar of Fedhas.
  1276 | D:4      | Reached skill level 6 in Axes
  1421 | D:4      | Reached skill level 5 in Armour
  1744 | D:5      | Entered Level 5 of the Dungeon
  1749 | D:5      | Reached XP level 7. HP: 60/60 MP: 7/7
  1761 | D:5      | Reached skill level 7 in Axes
  1761 | D:5      | Reached skill level 1 in Dodging
  1769 | D:5      | Reached skill level 5 in Fighting
  1813 | D:5      | Reached skill level 8 in Axes
  1892 | D:5      | Noticed a shadow
  1895 | D:5      | Killed a shadow
  1896 | D:5      | Reached XP level 8. HP: 68/68 MP: 8/8
  1967 | D:5      | Reached skill level 1 in Evocations
  2020 | D:5      | Noticed Eustachio
  2058 | D:5      | Killed Eustachio
  2059 | D:5      | Reached skill level 9 in Axes
  2215 | D:5      | Noticed Grinder
  2609 | D:6      | Found a snail-covered altar of Cheibriados.
  2750 | D:6      | Noticed Maggie
  2764 | D:6      | Killed Maggie
  2765 | D:6      | Reached skill level 10 in Axes
  3203 | D:6      | Reached XP level 9. HP: 75/75 MP: 9/9
  3544 | D:6      | Found an opulent altar of Gozag.
  3697 | D:7      | Found Ufuuco's Assorted Antiques.
  3901 | D:7      | Found a sacrificial altar of Ru.
  4212 | D:7      | Found a staircase to the Ecumenical Temple.
  4419 | D:7      | Found a broken altar of Ashenzari.
  4419 | D:7      | Found a bloodstained altar of Trog.
  4429 | D:7      | Reached skill level 11 in Axes
  4543 | D:8      | Noticed Psyche
  4573 | D:8      | Killed Psyche
  4665 | D:8      | Found a runed translucent door.
  4719 | D:8      | Reached skill level 5 in Shields
  4787 | D:8      | Noticed rinse's ghost (novice MfMo)
  4788 | D:8      | Identified the +6 spear of Certain Death {drain, rPois}
  4788 | D:8      | Noticed a polar bear
  4865 | D:8      | Found a shimmering blue altar of Sif Muna.
  5064 | D:8      | Found an ancient bone altar of Kikubaaqudgha.
  5200 | D:9      | Reached skill level 12 in Axes
  5208 | D:9      | Reached XP level 10. HP: 79/88 MP: 10/10
  5619 | D:9      | Found a shimmering altar of Xom.
  5785 | D:9      | Noticed a kobold demonologist
  5790 | D:9      | Killed a kobold demonologist
  6039 | D:9      | Noticed a two-headed ogre
  6043 | D:9      | Killed a two-headed ogre
  6044 | D:9      | Reached skill level 13 in Axes
  6476 | D:10     | Entered Level 10 of the Dungeon
  6662 | D:10     | Found a staircase to the Orcish Mines.
  6737 | D:10     | Found Ugeidgh's Weapon Boutique.
  7329 | D:11     | Noticed a manticore
  7336 | D:11     | Killed a manticore
  7337 | D:11     | Reached XP level 11. HP: 73/97 MP: 11/11
  7465 | D:11     | Noticed a two-headed ogre
  7472 | D:11     | Killed a two-headed ogre
  7473 | D:11     | Reached skill level 14 in Axes
  7756 | D:11     | Found a staircase to the Lair.
  7790 | D:11     | Reached skill level 1 in Stealth
  7800 | D:11     | HP: 1/97 [polar bear (9)]
  7800 | D:11     | Slain by an acid dragon

Illustrated notes

Levels and vault maps discovered:
D:1:      lemuel_arrival_behind_the_door_large, layout_basic
D:2:      layout_rooms, uniq_sigmund
D:3:      layout_basic, nicolae_dithmenos_shadow_blocks,
          mainiacjoe_overflow_concentric_impassable, mainiacjoe_overflow_paths,
          serial_park_tiny_2, uniq_robin
D:4:      layout_basic
D:5:      layout_rooms, minmay_misc_feat_tiny, uniq_blork_the_orc,
          uniq_eustachio, uniq_grinder
D:6:      layout_loops_corners, mainiacjoe_overflow_catwalk_spiral, st_stairs_3,
          hangedman_decor_diamond_cutter, chequers_serial_rivers_small_a,
          uniq_maggie
D:7:      layout_loops_ring, mainiacjoe_overflow_boulevard,
          gammafunk_temple_overflow_statue, minmay_temple_entry_hall,
          serial_shops, nicolae_take_the_stairs
D:8:      layout_rooms, mainiacjoe_overflow_catch_the_wave,
          ebering_ghost_funeral_grove, uniq_psyche
D:9:      layout_basic, xom_confusion_cloud, chequers_serial_rivers_large_b
D:10:     layout_irregular_city, david_orc_2, serial_shops, shop
D:11:     layout_gridville, hellmonk_lair_entry_icy

Skill      XL: |  1  2  3  4  5  6  7  8  9 10 11 |
---------------+----------------------------------+-----
Axes           | 3 5 6 8 10 12 13 14 | 14.3
Fighting       | 4 5 6 7 9 |  9.2
Armour         | 4 5 6 7 8 9 |  9.1
Dodging        | 1 2 3 |  3.1
Shields        | 4 5 6 7 |  7.5
Evocations     | 2 3 |  3.6
Stealth        | 1 |  1.0

Action                     |  1- 3 |  4- 6 |  7- 9 | 10-12 || total
---------------------------+-------+-------+-------+-------++-------
  Melee: War axe           |    50 |    83 |   289 |   191 ||   613
  Evoke: Wand              |       |       |    17 |    16 ||    33
    Use: Potion            |     1 |       |     2 |       ||     3
         Scroll            |       |       |     3 |       ||     3
 Armour: Scale mail        |    27 |    42 |   123 |       ||   192
         Skin              |       |       |    30 |       ||    30
         Plate armour      |       |       |       |   119 ||   119
  Dodge: Dodged            |    21 |    30 |   107 |    79 ||   237
  Block: Buckler           |    10 |    14 |    35 |       ||    59
         Kite shield       |       |       |    67 |    83 ||   150

Table legend: (Time is in decaauts)
 A = Elapsed time spent in this place.
 B = Non-inter-level travel time spent in this place.
 C = Inter-level travel time spent in this place.
 D = Time resting spent in this place.
 E = Time spent auto-exploring this place.
 F = Levels seen in this place.
 G = Mean time per level.
                   A        B        C        D        E       F      G
               +--------+--------+--------+--------+--------+-----+--------+
         Total |   7880 |   7565 |    315 |    178 |   5909 |  11 |  716.4 |
       Dungeon |   7880 |   7565 |    315 |    178 |   5909 |  11 |  716.4 |
               +--------+--------+--------+--------+--------+-----+--------+

Top non-repeatable levels by time:
     D:9: 1155 daAuts
     D:6: 998 daAuts
     D:7: 899 daAuts
     D:8: 880 daAuts
    D:10: 848 daAuts
     D:4: 839 daAuts
     D:5: 522 daAuts
    D:11: 470 daAuts
     D:3: 462 daAuts
     D:1: 404 daAuts
     D:2: 398 daAuts
